RedWings vs Stars

Created - Saturday, February 21, 2015 at 22:46

Goals
1 2 3 T
RedWings 4 1 1 6
Stars 0 1 1 2
Shots
1 2 3 T
RedWings 9 10 14 33
Stars 5 12 9 26

1st period

1. RedWings , Johnny Boychuk 14 (Alex Goligoski) at 0:13
2. RedWings , Milan Michalek 14 (Justin Abdelkader, Alex Goligoski) at 3:45
3. RedWings , Johnny Boychuk 15 (Milan Michalek) at 4:21
4. RedWings , Jannik Hansen 14 (Brandon Prust, Jason Demers) at 5:52

Penalties :
Eric Gryba (Det) for Cross-checking (Minor) at 1:06, Zac Rinaldo (Det) for High sticking (Minor) at 3:32, Brian Boyle (Dal) for Interference (Minor) at 3:35, Eric Gryba (Det) for Hooking (Minor) at 6:39, John Moore (Dal) for Hooking (Minor) at 12:07

2nd period

5. Stars , Michael Ryder 15 (Daniel Cleary, Brian Boyle) at 1:44
6. RedWings , Johnny Boychuk 16 (Justin Abdelkader, Milan Michalek) at 5:45 (PP)

Penalties :
Cory Conacher (Dal) for Slashing (Minor) at 5:21, Milan Michalek (Det) for Hooking (Minor) at 11:41, Travis Moen (Det) for Roughing (Minor) at 16:37

3rd period

7. RedWings , Nick Leddy 3 (Beau Bennett, Eric Gryba) at 12:41
8. Stars , Cory Conacher 7 (John Moore, Daniel Paille) at 12:57

Penalties :
Zac Rinaldo (Det) for Diving (Minor) at 9:42, Erik Haula (Dal) for Charging (Minor) at 15:02

Goalie Stats

Jonas Hiller (Det), 24 saves from 26 shots - (0.923), W, 14-29-3, 60:00 minutes
Hannu Toivonen (Dal), 0 saves from 4 shots - (0.000), L, 0-3-0, 5:52 minutes
Robin Lehner (Dal), 27 saves from 29 shots - (0.931), 54:08 minutes

Players Stats for RedWings

Player Name              G  A  P  +/- PIM S  H  SB GA TA FO     MP     PP MP  PK MP  
------------------------------------------------------------------------------------
Alex Goligoski           0  2  2   2  0   3  0  2  2  1  0/0    25:38   2:10   6:24 
Alexei Emelin            0  0  0   0  0   2  5  3  1  3  0/0    22:00   2:15   3:34 
Beau Bennett             0  1  1   1  0   1  1  0  1  0  0/0    13:31   0:00   0:00 
Brandon Prust            0  1  1   2  0   1  4  1  0  0  7/13   18:14   1:37   2:05 
Bryan Bickell            0  0  0  -1  0   3  3  0  1  0  0/1    14:23   0:52   0:00 
David Moss               0  0  0   0  0   0  0  0  0  0  1/3    15:28   2:48   2:35 
Eric Gryba               0  1  1   1  4   1  1  1  0  0  0/0    12:28   0:00   0:00 
Jannik Hansen            1  0  1   1  0   1  1  0  1  0  0/0    13:00   1:35   2:35 
Jason Demers             0  1  1   0  0   2  1  1  0  0  0/0    22:00   2:15   3:34 
Jesse Joensuu            0  0  0   0  0   0  0  0  1  0  0/0     7:44   0:00   0:20 
Johnny Boychuk           3  0  3   2  0   6  0  2  1  5  0/0    25:38   2:10   6:24 
Justin Abdelkader        0  2  2   2  0   1  1  0  3  1  2/6    19:49   2:47   7:03 
Milan Michalek           1  2  3   2  2   3  2  0  3  0  3/15   22:56   1:58   4:37 
Nick Leddy               1  0  1   1  0   3  0  0  0  1  0/0    12:22   0:00   0:00 
Paul Postma              0  0  0   0  0   0  0  0  0  0  0/0     0:00   0:00   0:00 
Travis Moen              0  0  0   2  2   0  2  0  0  0  0/0    16:11   1:37   0:00 
Zac Rinaldo              0  0  0  -1  4   5  1  1  0  0  4/4    13:53   0:01   0:41 
Zenon Konopka            0  0  0  -1  0   1  0  0  1  0  6/8    12:45   0:00   0:00 

Players Stats for Stars

Player Name              G  A  P  +/- PIM S  H  SB GA TA FO     MP     PP MP  PK MP  
------------------------------------------------------------------------------------
Aaron Johnson            0  0  0  -4  0   1  0  2  0  1  0/0    26:43   5:59   3:06 
Brad Malone              0  0  0  -1  0   0  1  0  0  1  2/7    13:41   0:00   0:00 
Brett Ritchie            0  0  0  -1  0   0  0  1  0  0  0/0     7:48   0:00   1:20 
Brian Boyle              0  1  1  -1  2   3  5  1  0  1  14/15  20:22   5:36   3:41 
Bruno Gervais            0  0  0   0  0   1  2  0  0  0  0/0    12:40   0:00   0:00 
Cory Conacher            1  0  1   1  2   3  0  1  2  0  0/0    17:08   4:21   0:00 
Daniel Cleary            0  1  1   0  0   1  3  0  1  0  1/1    17:29   5:37   0:21 
Daniel Paille            0  1  1   1  0   4  0  0  2  0  0/0    19:05   4:21   0:42 
Dmitry Orlov             0  0  0   0  0   0  0  0  0  0  0/0    14:02   0:00   1:19 
Erik Haula               0  0  0   1  2   0  1  0  0  0  5/16   17:35   4:21   0:00 
Jakub Kindl              0  0  0  -4  0   1  1  3  0  0  0/0    23:38   5:59   3:06 
Jamie Oleksiak           0  0  0   0  0   0  0  0  0  0  0/0     3:05   0:00   0:00 
Joe Corvo                0  0  0   1  0   2  0  0  0  1  0/0    20:37   3:59   1:19 
John Moore               0  1  1   1  2   2  1  2  1  0  0/0    19:17   3:59   0:00 
Michael Ryder            1  0  1  -3  0   6  2  2  6  1  5/10   24:43   4:58   2:46 
Miikka Salomaki          0  0  0   0  0   0  0  0  1  0  0/0     5:40   0:00   0:00 
Patrick Eaves            0  0  0  -1  0   0  1  1  2  0  0/0    13:41   0:00   0:00 
Rob Klinkhammer          0  0  0  -3  0   2  1  0  2  1  0/1    16:21   0:39   0:00 

3 Stars

1 - Johnny Boychuk (Det)
2 - Milan Michalek (Det)
3 - Justin Abdelkader (Det)

Power Play

RedWings - 1 on 4 Attempt(s) - 25.00%
Stars - 0 on 6 Attempt(s) - 0.00%

Penalty Kill

RedWings - 6 on 6 Attempt(s) - 100.00% - Score 0 goal in Penalty Kill
Stars - 3 on 4 Attempt(s) - 75.00% - Score 0 goal in Penalty Kill

Team Stat

RedWings - Hits : 22 - Faceoff Wins : 23 - Blocked Shots : 11 - Penalty Minutes : 12
Stars - Hits : 18 - Faceoff Wins : 27 - Blocked Shots : 13 - Penalty Minutes : 8

Official

Referees : Unknown
Linesman : Unknown

Game Notes

Robin Lehner enters game at 5:52 of 1st period
Johnny Boychuk has scored a Hat Trick!

Finance

Level 1 -- Attendance: 4240 (70.67%) -- Ticket Income $424,000
Level 2 -- Attendance: 3337 (66.74%) -- Ticket Income $200,220
Level 3 -- Attendance: 1472 (73.60%) -- Ticket Income $51,520
Level 4 -- Attendance: 3077 (76.93%) -- Ticket Income $61,540
Luxury Box -- Attendance: 650 (65.00%) -- Ticket Income $130,000
Game was played at the American Airlines Arena'
Total Attendance: 12776 (70.98%)
Total Ticket Income: $867,280
Other Income: $424,967
Total Income: $1,292,247

RedWings

5 vs 5 Forward 
   Center                   Left Wing                Right Wing               Time % Phy DF OF 
 1 Justin Abdelkader        Milan Michalek           David Moss               35     1   2  2  
 2 Brandon Prust            Beau Bennett             Travis Moen              30     1   2  2  
 3 Zenon Konopka            Bryan Bickell            Zac Rinaldo              22     1   2  2  
 4 Milan Michalek           Jannik Hansen            Jesse Joensuu            13     1   2  2  

5 vs 5 Defense 
   Defense                  Defense                                           Time % Phy DF OF 
 1 Alex Goligoski           Johnny Boychuk                                    35     1   2  2  
 2 Alexei Emelin            Jason Demers                                      30     1   2  2  
 3 Eric Gryba               Nick Leddy                                        22     1   2  2  
 4 Alex Goligoski           Johnny Boychuk                                    13     1   2  2  

PowerPlay Forward 
   Center                   Left Wing                Right Wing               Time % Phy DF OF 
 1 Justin Abdelkader        Milan Michalek           David Moss               60     1   2  2  
 2 Brandon Prust            Jannik Hansen            Travis Moen              40     1   2  2  

PowerPlay Defense
   Defense                  Defense                                           Time % Phy DF OF 
 1 Alex Goligoski           Johnny Boychuk                                    60     1   2  2  
 2 Alexei Emelin            Jason Demers                                      40     1   2  2  

Penalty Kill 4 Players Forward 
   Center                   Wing                     Time % Phy DF OF 
 1 Milan Michalek           Justin Abdelkader        60     1   2  2  
 2 David Moss               Jannik Hansen            40     1   2  2  

Penalty Kill 4 Players Defense
   Defense                  Defense                  Time % Phy DF OF 
 1 Alex Goligoski           Johnny Boychuk           60     1   2  2  
 2 Alexei Emelin            Jason Demers             40     1   2  2  

Penalty Kill - 3 Players Forward 
   Forward                                           Time % Phy DF OF 
 1 Milan Michalek                                    60     1   2  2  
 2 Justin Abdelkader                                 40     1   2  2  

Penalty Kill - 3 Players Defense
   Defense                  Defense                  Time % Phy DF OF 
 1 Alex Goligoski           Johnny Boychuk           60     1   2  2  
 2 Alexei Emelin            Jason Demers             40     1   2  2  

4 vs 4 Forward 
   Center                   Wing                     Time % Phy DF OF 
 1 Milan Michalek           Justin Abdelkader        60     1   2  2  
 2 David Moss               Jannik Hansen            40     1   2  2  

4 vs 4 Defense
   Defense                  Defense                  Time % Phy DF OF 
 1 Alex Goligoski           Johnny Boychuk           60     1   2  2  
 2 Alexei Emelin            Jason Demers             40     1   2  2  

Last Minutes Offensive
   Center                   Left Wing                Right Wing               Defense                  Defense                  
   Justin Abdelkader        Milan Michalek           David Moss               Alex Goligoski           Johnny Boychuk           

Last Minutes Defensive
   Center                   Left Wing                Right Wing               Defense                  Defense                  
   Justin Abdelkader        Milan Michalek           David Moss               Alex Goligoski           Johnny Boychuk           

Goaltenders
Starting : Jonas Hiller             
Backup : Martin Jones             

Extra Forwards
Normal : Bryan Bickell, Zenon Konopka, Zac Rinaldo - PP : Bryan Bickell, Zenon Konopka - PK : Zac Rinaldo
Extra Defensemen
Normal : Eric Gryba, Nick Leddy, Alexei Emelin - PP : Eric Gryba - PK : Nick Leddy, Alexei Emelin
Penalty Shots
Milan Michalek, Justin Abdelkader, David Moss, Jannik Hansen, Travis Moen

Stars

5 vs 5 Forward 
   Center                   Left Wing                Right Wing               Time % Phy DF OF 
 1 Brian Boyle              Michael Ryder            Daniel Cleary            35     3   1  1  
 2 Erik Haula               Daniel Paille            Cory Conacher            30     3   1  1  
 3 Brad Malone              Rob Klinkhammer          Patrick Eaves            22     3   1  1  
 4 Michael Ryder            Miikka Salomaki          Brett Ritchie            13     3   1  1  

5 vs 5 Defense 
   Defense                  Defense                                           Time % Phy DF OF 
 1 Aaron Johnson            Jakub Kindl                                       35     3   1  1  
 2 Joe Corvo                John Moore                                        30     3   1  1  
 3 Bruno Gervais            Dmitry Orlov                                      22     3   1  1  
 4 Jamie Oleksiak           Aaron Johnson                                     13     3   1  1  

PowerPlay Forward 
   Center                   Left Wing                Right Wing               Time % Phy DF OF 
 1 Brian Boyle              Michael Ryder            Daniel Cleary            60     1   2  2  
 2 Erik Haula               Daniel Paille            Cory Conacher            40     1   2  2  

PowerPlay Defense
   Defense                  Defense                                           Time % Phy DF OF 
 1 Aaron Johnson            Jakub Kindl                                       60     1   2  2  
 2 Joe Corvo                John Moore                                        40     1   2  2  

Penalty Kill 4 Players Forward 
   Center                   Wing                     Time % Phy DF OF 
 1 Michael Ryder            Brian Boyle              60     1   2  2  
 2 Daniel Cleary            Daniel Paille            40     1   2  2  

Penalty Kill 4 Players Defense
   Defense                  Defense                  Time % Phy DF OF 
 1 Aaron Johnson            Jakub Kindl              60     1   2  2  
 2 Joe Corvo                John Moore               40     1   2  2  

Penalty Kill - 3 Players Forward 
   Forward                                           Time % Phy DF OF 
 1 Michael Ryder                                     60     1   2  2  
 2 Brian Boyle                                       40     1   2  2  

Penalty Kill - 3 Players Defense
   Defense                  Defense                  Time % Phy DF OF 
 1 Aaron Johnson            Jakub Kindl              60     1   2  2  
 2 Joe Corvo                John Moore               40     1   2  2  

4 vs 4 Forward 
   Center                   Wing                     Time % Phy DF OF 
 1 Michael Ryder            Brian Boyle              60     1   2  2  
 2 Daniel Cleary            Daniel Paille            40     1   2  2  

4 vs 4 Defense
   Defense                  Defense                  Time % Phy DF OF 
 1 Aaron Johnson            Jakub Kindl              60     1   2  2  
 2 Joe Corvo                John Moore               40     1   2  2  

Last Minutes Offensive
   Center                   Left Wing                Right Wing               Defense                  Defense                  
   Brian Boyle              Michael Ryder            Daniel Cleary            Aaron Johnson            Jakub Kindl              

Last Minutes Defensive
   Center                   Left Wing                Right Wing               Defense                  Defense                  
   Brian Boyle              Michael Ryder            Daniel Cleary            Aaron Johnson            Jakub Kindl              

Goaltenders
Starting : Hannu Toivonen           
Backup : Robin Lehner             

Extra Forwards
Normal : Rob Klinkhammer, Patrick Eaves, Brett Ritchie - PP : Rob Klinkhammer, Patrick Eaves - PK : Brett Ritchie
Extra Defensemen
Normal : Bruno Gervais, Dmitry Orlov, Jamie Oleksiak - PP : Bruno Gervais - PK : Dmitry Orlov, Jamie Oleksiak
Penalty Shots
Michael Ryder, Brian Boyle, Daniel Cleary, Daniel Paille, Cory Conacher

% Time on Ice - RedWings

Lines # - Real PCT - Wanted PCT - Time Play
Normal Forward
1 - 21% - 35% - 9:08
2 - 35% - 30% - 15:11
3 - 28% - 22% - 12:16
4 - 16% - 13% - 7:06
Normal Defense
1 - 32% - 35% - 14:02
2 - 36% - 30% - 15:48
3 - 28% - 22% - 12:22
4 - 3% - 13% - 1:29
PP Forward
1 - 63% - 60% - 2:47
2 - 37% - 40% - 1:38
PP Defense
1 - 49% - 60% - 2:10
2 - 51% - 40% - 2:15
PK Forward
1 - 74% - 60% - 7:23
2 - 26% - 40% - 2:35
PK Defense
1 - 64% - 60% - 6:24
2 - 36% - 40% - 3:34
PK3 Forward
1 - 0% - 60%
2 - 0% - 40%
PK3 Defense
1 - 0% - 60%
2 - 0% - 40%
44 Forward
1 - 59% - 60% - 1:09
2 - 41% - 40% - 0:47
44 Defense
1 - 80% - 60% - 1:33
2 - 20% - 40% - 0:23
Last Minute Offensive  - 0:00
Last Minute Defensive  - 0:00
Total
Forward - 60:00
Defense - 60:00

% Time on Ice - Stars

Lines # - Real PCT - Wanted PCT - Time Play
Normal Forward
1 - 26% - 35% - 11:32
2 - 29% - 30% - 12:48
3 - 31% - 22% - 13:41
4 - 13% - 13% - 5:40
Normal Defense
1 - 30% - 35% - 13:00
2 - 34% - 30% - 14:56
3 - 29% - 22% - 12:40
4 - 7% - 13% - 3:05
PP Forward
1 - 56% - 60% - 5:37
2 - 44% - 40% - 4:21
PP Defense
1 - 60% - 60% - 5:59
2 - 40% - 40% - 3:59
PK Forward
1 - 92% - 60% - 4:04
2 - 8% - 40% - 0:21
PK Defense
1 - 70% - 60% - 3:06
2 - 30% - 40% - 1:19
PK3 Forward
1 - 0% - 60%
2 - 0% - 40%
PK3 Defense
1 - 0% - 60%
2 - 0% - 40%
44 Forward
1 - 59% - 60% - 1:09
2 - 41% - 40% - 0:47
44 Defense
1 - 80% - 60% - 1:33
2 - 20% - 40% - 0:23
Last Minute Offensive  - 0:00
Last Minute Defensive  - 0:00
Total
Forward - 60:00
Defense - 60:00

Play by Play

1st period


0:01 of 1st period - Brian Boyle wins face-off versus Justin Abdelkader in neutral zone.
0:04 of 1st period - Johnny Boychuk is hit by Brian Boyle and loses puck.
0:11 of 1st period - Snap shot by Alex Goligoski.
0:11 of 1st period - Shot Misses the Net.
0:13 of 1st period - Slapshot by Johnny Boychuk.
0:13 of 1st period - Goal by Johnny Boychuk - RedWings : 1 - Stars : 0.
0:14 of 1st period - Erik Haula wins face-off versus Brandon Prust in neutral zone.
0:21 of 1st period - Wrist shot by Cory Conacher.
0:21 of 1st period - Shot Misses the Net.
0:58 of 1st period - Icing by Joe Corvo.
0:59 of 1st period - Erik Haula wins face-off versus Zenon Konopka in Stars zone.
1:06 of 1st period - Minor Penalty to Eric Gryba for Cross-checking.
1:07 of 1st period - Brian Boyle wins face-off versus Milan Michalek in RedWings zone.
1:24 of 1st period - Wrist shot by Michael Ryder.
1:24 of 1st period - Stopped by Jonas Hiller without a rebound.
1:25 of 1st period - Brian Boyle wins face-off versus Milan Michalek in RedWings zone.
1:38 of 1st period - Daniel Cleary is hit by Justin Abdelkader and loses puck.
3:06 of 1st period - Penalty to Eric Gryba is over, Eric Gryba is back on ice.
3:21 of 1st period - Off-side.
3:22 of 1st period - Zac Rinaldo wins face-off versus Brad Malone in neutral zone.
3:32 of 1st period - Minor Penalty to Zac Rinaldo for High sticking.
3:33 of 1st period - Brian Boyle wins face-off versus Milan Michalek in RedWings zone.
3:35 of 1st period - Minor Penalty to Brian Boyle for Interference.
3:36 of 1st period - Michael Ryder wins face-off versus Milan Michalek in Stars zone.
3:45 of 1st period - Snap shot by Milan Michalek.
3:45 of 1st period - Goal by Milan Michalek - RedWings : 2 - Stars : 0.
3:46 of 1st period - Milan Michalek wins face-off versus Michael Ryder in neutral zone.
4:13 of 1st period - Snap shot by Michael Ryder.
4:13 of 1st period - Shot Misses the Net.
4:21 of 1st period - Slapshot by Johnny Boychuk.
4:21 of 1st period - Goal by Johnny Boychuk - RedWings : 3 - Stars : 0.
4:22 of 1st period - Michael Ryder wins face-off versus Milan Michalek in neutral zone.
4:44 of 1st period - Snap shot by Michael Ryder.
4:44 of 1st period - Deflect By Rob Klinkhammer.
4:44 of 1st period - Stopped by Jonas Hiller without a rebound.
4:45 of 1st period - Daniel Cleary wins face-off versus David Moss in RedWings zone.
5:32 of 1st period - Penalty to Zac Rinaldo is over, Zac Rinaldo is back on ice.
5:35 of 1st period - Penalty to Brian Boyle is over, Brian Boyle is back on ice.
5:39 of 1st period - Brett Ritchie is hit by Brandon Prust and loses puck.
5:50 of 1st period - Snap shot by Brandon Prust.
5:50 of 1st period - Shot Blocked by Michael Ryder.
5:52 of 1st period - Snap shot by Jannik Hansen.
5:52 of 1st period - Goal by Jannik Hansen - RedWings : 4 - Stars : 0.
5:52 of 1st period - Robin Lehner enters game.
5:53 of 1st period - Brandon Prust wins face-off versus Rob Klinkhammer in neutral zone.
5:58 of 1st period - Wrist shot by Beau Bennett.
5:58 of 1st period - Shot Misses the Net.
6:39 of 1st period - Minor Penalty to Eric Gryba for Hooking.
6:40 of 1st period - Milan Michalek wins face-off versus Brian Boyle in RedWings zone.
7:16 of 1st period - Alex Goligoski is hit by Daniel Cleary.
7:44 of 1st period - Alexei Emelin is hit by John Moore and loses puck.
8:05 of 1st period - Slapshot by Erik Haula.
8:05 of 1st period - Shot Misses the Net.
8:39 of 1st period - Penalty to Eric Gryba is over, Eric Gryba is back on ice.
8:59 of 1st period - Patrick Eaves is hit by Alexei Emelin and loses puck.
9:14 of 1st period - Patrick Eaves is hit by Bryan Bickell and loses puck.
9:29 of 1st period - Slapshot by Alex Goligoski.
9:29 of 1st period - Stopped by Robin Lehner with a rebound.
9:31 of 1st period - Slapshot by Johnny Boychuk.
9:31 of 1st period - Stopped by Robin Lehner without a rebound.
9:32 of 1st period - Michael Ryder wins face-off versus Brandon Prust in Stars zone.
10:21 of 1st period - Bruno Gervais is hit by Milan Michalek and loses puck.
10:32 of 1st period - Johnny Boychuk is hit by Patrick Eaves and loses puck.
10:56 of 1st period - Wrist shot by Cory Conacher.
10:56 of 1st period - Shot Misses the Net.
11:29 of 1st period - Icing by Alex Goligoski.
11:30 of 1st period - Brad Malone wins face-off versus Milan Michalek in RedWings zone.
11:55 of 1st period - Snap shot by Cory Conacher.
11:55 of 1st period - Shot Misses the Net.
11:57 of 1st period - Slapshot by Aaron Johnson.
11:57 of 1st period - Stopped by Jonas Hiller with a rebound.
11:59 of 1st period - Slapshot by Jakub Kindl.
11:59 of 1st period - Deflect By Cory Conacher.
11:59 of 1st period - Stopped by Jonas Hiller without a rebound.
12:00 of 1st period - Zenon Konopka wins face-off versus Erik Haula in RedWings zone.
12:05 of 1st period - Slapshot by Zac Rinaldo.
12:05 of 1st period - Shot Blocked by John Moore.
12:07 of 1st period - Minor Penalty to John Moore for Hooking.
12:08 of 1st period - Brandon Prust wins face-off versus Michael Ryder in Stars zone.
12:47 of 1st period - Wrist shot by Alexei Emelin.
12:47 of 1st period - Stopped by Robin Lehner without a rebound.
12:48 of 1st period - Michael Ryder wins face-off versus Bryan Bickell in Stars zone.
12:48 of 1st period - Michael Ryder is hit by Alexei Emelin.
13:06 of 1st period - Wrist shot by Justin Abdelkader.
13:06 of 1st period - Shot Blocked by Brian Boyle.
13:38 of 1st period - Slapshot by Alex Goligoski.
13:38 of 1st period - Stopped by Robin Lehner with a rebound.
14:07 of 1st period - Penalty to John Moore is over, John Moore is back on ice.
14:58 of 1st period - Slapshot by Nick Leddy.
14:58 of 1st period - Shot Misses the Net.
15:00 of 1st period - Slapshot by Zac Rinaldo.
15:00 of 1st period - Stopped by Robin Lehner without a rebound.
15:01 of 1st period - Zenon Konopka wins face-off versus Brad Malone in Stars zone.
15:02 of 1st period - Slapshot by Nick Leddy.
15:02 of 1st period - Shot Blocked by Patrick Eaves.
15:52 of 1st period - Miikka Salomaki is hit by Travis Moen and loses puck.
17:20 of 1st period - Jannik Hansen is hit by Rob Klinkhammer and loses puck.
17:39 of 1st period - Wrist shot by Daniel Cleary.
17:39 of 1st period - Stopped by Jonas Hiller without a rebound.
17:40 of 1st period - Brian Boyle wins face-off versus Brandon Prust in RedWings zone.
18:52 of 1st period - Snap shot by Jannik Hansen.
18:52 of 1st period - Shot Blocked by Aaron Johnson.
18:54 of 1st period - Slapshot by Jannik Hansen.
18:54 of 1st period - Shot Blocked by Jakub Kindl.
19:07 of 1st period - Wrist shot by Jannik Hansen.
19:07 of 1st period - Shot Blocked by Michael Ryder.
19:31 of 1st period - Daniel Paille is hit by Milan Michalek.
19:45 of 1st period - Alexei Emelin is hit by Erik Haula and loses puck.
Goals for this period are 4 for RedWings vs 0 for Stars.
Shots for this period are 9 for RedWings vs 5 for Stars.

2nd period


0:01 of 2nd period - Brian Boyle wins face-off versus Justin Abdelkader in neutral zone.
0:06 of 2nd period - Wrist shot by Michael Ryder.
0:06 of 2nd period - Stopped by Jonas Hiller with a rebound.
0:20 of 2nd period - Wrist shot by Michael Ryder.
0:20 of 2nd period - Deflect By Daniel Cleary.
0:20 of 2nd period - Shot Misses the Net.
0:20 of 2nd period - Puck is out of play.
0:21 of 2nd period - Brandon Prust wins face-off versus Erik Haula in RedWings zone.
0:36 of 2nd period - Snap shot by Daniel Paille.
0:36 of 2nd period - Deflect By Cory Conacher.
0:36 of 2nd period - Stopped by Jonas Hiller with a rebound.
0:44 of 2nd period - Wrist shot by Cory Conacher.
0:44 of 2nd period - Shot Blocked by Alexei Emelin.
0:46 of 2nd period - Slapshot by John Moore.
0:46 of 2nd period - Shot Misses the Net.
0:48 of 2nd period - Slapshot by Joe Corvo.
0:48 of 2nd period - Shot Misses the Net.
1:07 of 2nd period - Off-side.
1:08 of 2nd period - Brian Boyle wins face-off versus Justin Abdelkader in neutral zone.
1:21 of 2nd period - Johnny Boychuk is hit by Michael Ryder and loses puck.
1:34 of 2nd period - Snap shot by Michael Ryder.
1:34 of 2nd period - Stopped by Jonas Hiller with a rebound.
1:44 of 2nd period - Wrist shot by Michael Ryder.
1:44 of 2nd period - Goal by Michael Ryder - RedWings : 4 - Stars : 1.
1:45 of 2nd period - Zac Rinaldo wins face-off versus Erik Haula in neutral zone.
1:54 of 2nd period - Slapshot by Zac Rinaldo.
1:54 of 2nd period - Stopped by Robin Lehner with a rebound.
2:00 of 2nd period - John Moore is hit by Zac Rinaldo and loses puck.
2:42 of 2nd period - Brian Boyle is hit by Alexei Emelin and loses puck.
2:57 of 2nd period - Wrist shot by Daniel Cleary.
2:57 of 2nd period - Shot Misses the Net.
3:20 of 2nd period - Brad Malone is hit by Alexei Emelin and loses puck.
3:29 of 2nd period - Dmitry Orlov is hit by Brandon Prust and loses puck.
3:40 of 2nd period - Wrist shot by Brandon Prust.
3:40 of 2nd period - Stopped by Robin Lehner with a rebound.
3:42 of 2nd period - Snap shot by Alex Goligoski.
3:42 of 2nd period - Stopped by Robin Lehner with a rebound.
3:44 of 2nd period - Slapshot by Travis Moen.
3:44 of 2nd period - Shot Misses the Net.
3:46 of 2nd period - Snap shot by Johnny Boychuk.
3:46 of 2nd period - Stopped by Robin Lehner with a rebound.
3:48 of 2nd period - Slapshot by Johnny Boychuk.
3:48 of 2nd period - Stopped by Robin Lehner with a rebound.
3:50 of 2nd period - Slapshot by Johnny Boychuk.
3:50 of 2nd period - Shot Misses the Net.
5:21 of 2nd period - Minor Penalty to Cory Conacher for Slashing.
5:22 of 2nd period - Michael Ryder wins face-off versus David Moss in Stars zone.
5:41 of 2nd period - Slapshot by Justin Abdelkader.
5:41 of 2nd period - Shot Blocked by Jakub Kindl.
5:43 of 2nd period - Slapshot by Johnny Boychuk.
5:43 of 2nd period - Shot Misses the Net.
5:45 of 2nd period - Slapshot by Johnny Boychuk.
5:45 of 2nd period - Goal by Johnny Boychuk - RedWings : 5 - Stars : 1.
5:46 of 2nd period - Zac Rinaldo wins face-off versus Erik Haula in neutral zone.
6:04 of 2nd period - Icing by Daniel Paille.
6:05 of 2nd period - Zenon Konopka wins face-off versus Erik Haula in Stars zone.
6:16 of 2nd period - Wrist shot by Zac Rinaldo.
6:16 of 2nd period - Shot Blocked by John Moore.
7:12 of 2nd period - David Moss is hit by Daniel Cleary and loses puck.
7:30 of 2nd period - Snap shot by Brandon Prust.
7:30 of 2nd period - Shot Blocked by Jakub Kindl.
8:17 of 2nd period - Johnny Boychuk is hit by Michael Ryder and loses puck.
9:43 of 2nd period - Wrist shot by Milan Michalek.
9:43 of 2nd period - Stopped by Robin Lehner without a rebound.
9:44 of 2nd period - David Moss wins face-off versus Brad Malone in Stars zone.
10:13 of 2nd period - Slapshot by Daniel Cleary.
10:13 of 2nd period - Shot Blocked by Brandon Prust.
10:15 of 2nd period - Slapshot by Brian Boyle.
10:15 of 2nd period - Stopped by Jonas Hiller without a rebound.
10:16 of 2nd period - Brian Boyle wins face-off versus Brandon Prust in RedWings zone.
10:25 of 2nd period - Slapshot by Michael Ryder.
10:25 of 2nd period - Shot Misses the Net.
10:27 of 2nd period - Snap shot by Daniel Cleary.
10:27 of 2nd period - Shot Misses the Net.
10:29 of 2nd period - Slapshot by Brian Boyle.
10:29 of 2nd period - Stopped by Jonas Hiller with a rebound.
10:31 of 2nd period - Wrist shot by John Moore.
10:31 of 2nd period - Stopped by Jonas Hiller with a rebound.
10:33 of 2nd period - Snap shot by Joe Corvo.
10:33 of 2nd period - Shot Misses the Net.
11:09 of 2nd period - Snap shot by Rob Klinkhammer.
11:09 of 2nd period - Shot Misses the Net.
11:39 of 2nd period - Slapshot by Cory Conacher.
11:39 of 2nd period - Shot Blocked by Alexei Emelin.
11:41 of 2nd period - Minor Penalty to Milan Michalek for Hooking.
11:42 of 2nd period - Zac Rinaldo wins face-off versus Erik Haula in RedWings zone.
12:33 of 2nd period - Brian Boyle is hit by Brandon Prust and loses puck.
12:46 of 2nd period - Joe Corvo is hit by Alexei Emelin and loses puck.
13:04 of 2nd period - Joe Corvo is hit by Jason Demers and loses puck.
13:11 of 2nd period - Slapshot by Alex Goligoski.
13:11 of 2nd period - Shot Hit the Post.
13:13 of 2nd period - Slapshot by Johnny Boychuk.
13:13 of 2nd period - Deflect By Brandon Prust.
13:13 of 2nd period - Shot Blocked by Cory Conacher.
13:13 of 2nd period - Puck is out of play.
13:14 of 2nd period - Brian Boyle wins face-off versus Brandon Prust in Stars zone.
13:31 of 2nd period - Wrist shot by Jakub Kindl.
13:31 of 2nd period - Stopped by Jonas Hiller with a rebound.
13:33 of 2nd period - Slapshot by Brian Boyle.
13:33 of 2nd period - Shot Blocked by Johnny Boychuk.
13:41 of 2nd period - Penalty to Milan Michalek is over, Milan Michalek is back on ice.
15:30 of 2nd period - Snap shot by Zac Rinaldo.
15:30 of 2nd period - Stopped by Robin Lehner with a rebound.
15:32 of 2nd period - Slapshot by Nick Leddy.
15:32 of 2nd period - Stopped by Robin Lehner with a rebound.
15:34 of 2nd period - Snap shot by Bryan Bickell.
15:34 of 2nd period - Stopped by Robin Lehner without a rebound.
15:35 of 2nd period - Brad Malone wins face-off versus Zenon Konopka in Stars zone.
16:37 of 2nd period - Minor Penalty to Travis Moen for Roughing.
16:38 of 2nd period - Brian Boyle wins face-off versus Milan Michalek in RedWings zone.
16:46 of 2nd period - Wrist shot by Michael Ryder.
16:46 of 2nd period - Stopped by Jonas Hiller without a rebound.
16:47 of 2nd period - Brian Boyle wins face-off versus Milan Michalek in RedWings zone.
16:52 of 2nd period - Slapshot by Brian Boyle.
16:52 of 2nd period - Shot Blocked by Johnny Boychuk.
16:54 of 2nd period - Snap shot by Brian Boyle.
16:54 of 2nd period - Shot Misses the Net.
16:56 of 2nd period - Snap shot by Brian Boyle.
16:56 of 2nd period - Stopped by Jonas Hiller with a rebound.
16:58 of 2nd period - Snap shot by Brian Boyle.
16:58 of 2nd period - Shot Misses the Net.
17:41 of 2nd period - Johnny Boychuk is hit by Brian Boyle and loses puck.
17:52 of 2nd period - Slapshot by Rob Klinkhammer.
17:52 of 2nd period - Stopped by Jonas Hiller with a rebound.
18:03 of 2nd period - Johnny Boychuk is hit by Brian Boyle and loses puck.
18:18 of 2nd period - Slapshot by Cory Conacher.
18:18 of 2nd period - Deflect By Daniel Paille.
18:18 of 2nd period - Stopped by Jonas Hiller without a rebound.
18:19 of 2nd period - Erik Haula wins face-off versus Milan Michalek in RedWings zone.
18:37 of 2nd period - Penalty to Travis Moen is over, Travis Moen is back on ice.
19:16 of 2nd period - Wrist shot by Beau Bennett.
19:16 of 2nd period - Shot Misses the Net.
19:32 of 2nd period - Slapshot by Joe Corvo.
19:32 of 2nd period - Shot Misses the Net.
Goals for this period are 1 for RedWings vs 1 for Stars.
Shots for this period are 10 for RedWings vs 12 for Stars.

3rd period


0:01 of 3rd period - Brian Boyle wins face-off versus Justin Abdelkader in neutral zone.
0:08 of 3rd period - Snap shot by Brian Boyle.
0:08 of 3rd period - Shot Misses the Net.
1:12 of 3rd period - Daniel Paille is hit by Travis Moen and loses puck.
1:19 of 3rd period - Erik Haula is hit by Beau Bennett and loses puck.
1:28 of 3rd period - Wrist shot by Daniel Paille.
1:28 of 3rd period - Deflect By Cory Conacher.
1:28 of 3rd period - Shot Blocked by Alex Goligoski.
1:28 of 3rd period - Puck is out of play.
1:29 of 3rd period - Zenon Konopka wins face-off versus Brad Malone in RedWings zone.
1:52 of 3rd period - Snap shot by Zac Rinaldo.
1:52 of 3rd period - Stopped by Robin Lehner with a rebound.
1:54 of 3rd period - Snap shot by Jason Demers.
1:54 of 3rd period - Stopped by Robin Lehner with a rebound.
1:56 of 3rd period - Wrist shot by Alexei Emelin.
1:56 of 3rd period - Stopped by Robin Lehner with a rebound.
1:58 of 3rd period - Slapshot by Jason Demers.
1:58 of 3rd period - Stopped by Robin Lehner with a rebound.
2:31 of 3rd period - Daniel Paille is hit by Jannik Hansen and loses puck.
2:38 of 3rd period - Snap shot by Milan Michalek.
2:38 of 3rd period - Stopped by Robin Lehner with a rebound.
2:45 of 3rd period - Off-side.
2:46 of 3rd period - Brandon Prust wins face-off versus Michael Ryder in neutral zone.
2:49 of 3rd period - Slapshot by Nick Leddy.
2:49 of 3rd period - Shot Blocked by Brett Ritchie.
3:17 of 3rd period - Slapshot by Joe Corvo.
3:17 of 3rd period - Stopped by Jonas Hiller with a rebound.
3:19 of 3rd period - Slapshot by John Moore.
3:19 of 3rd period - Shot Blocked by Eric Gryba.
4:12 of 3rd period - Johnny Boychuk is hit by Jakub Kindl and loses puck.
4:19 of 3rd period - Snap shot by Cory Conacher.
4:19 of 3rd period - Shot Blocked by Alex Goligoski.
4:49 of 3rd period - Snap shot by Bryan Bickell.
4:49 of 3rd period - Stopped by Robin Lehner with a rebound.
5:02 of 3rd period - Off-side.
5:03 of 3rd period - Brian Boyle wins face-off versus Milan Michalek in neutral zone.
5:12 of 3rd period - John Moore is hit by Eric Gryba and loses puck.
5:46 of 3rd period - Daniel Paille is hit by Bryan Bickell and loses puck.
6:57 of 3rd period - Slapshot by Jakub Kindl.
6:57 of 3rd period - Shot Misses the Net.
6:59 of 3rd period - Wrist shot by Brett Ritchie.
6:59 of 3rd period - Shot Misses the Net.
7:54 of 3rd period - Wrist shot by Daniel Paille.
7:54 of 3rd period - Stopped by Jonas Hiller without a rebound.
7:55 of 3rd period - Justin Abdelkader wins face-off versus Erik Haula in RedWings zone.
9:25 of 3rd period - Zac Rinaldo is hit by Daniel Cleary.
9:29 of 3rd period - Wrist shot by Michael Ryder.
9:29 of 3rd period - Stopped by Jonas Hiller with a rebound.
9:31 of 3rd period - Slapshot by John Moore.
9:31 of 3rd period - Shot Misses the Net.
9:42 of 3rd period - Minor Penalty to Zac Rinaldo for Diving.
9:43 of 3rd period - Brian Boyle wins face-off versus Milan Michalek in RedWings zone.
10:15 of 3rd period - Snap shot by Daniel Paille.
10:15 of 3rd period - Stopped by Jonas Hiller without a rebound.
10:16 of 3rd period - Brandon Prust wins face-off versus Erik Haula in RedWings zone.
10:25 of 3rd period - Slapshot by John Moore.
10:25 of 3rd period - Deflect By Alex Goligoski.
10:25 of 3rd period - Stopped by Jonas Hiller without a rebound.
10:26 of 3rd period - Brandon Prust wins face-off versus Erik Haula in RedWings zone.
11:42 of 3rd period - Penalty to Zac Rinaldo is over, Zac Rinaldo is back on ice.
12:04 of 3rd period - Alexei Emelin is hit by Brad Malone and loses puck.
12:15 of 3rd period - Slapshot by Zac Rinaldo.
12:15 of 3rd period - Shot Misses the Net.
12:31 of 3rd period - Wrist shot by Beau Bennett.
12:31 of 3rd period - Stopped by Robin Lehner with a rebound.
12:41 of 3rd period - Slapshot by Nick Leddy.
12:41 of 3rd period - Goal by Nick Leddy - RedWings : 6 - Stars : 1.
12:42 of 3rd period - Zenon Konopka wins face-off versus Erik Haula in neutral zone.
12:47 of 3rd period - Wrist shot by John Moore.
12:47 of 3rd period - Shot Blocked by Jason Demers.
12:49 of 3rd period - Snap shot by Daniel Paille.
12:49 of 3rd period - Shot Misses the Net.
12:51 of 3rd period - Wrist shot by Daniel Paille.
12:51 of 3rd period - Stopped by Jonas Hiller with a rebound.
12:53 of 3rd period - Wrist shot by Daniel Paille.
12:53 of 3rd period - Shot Misses the Net.
12:55 of 3rd period - Slapshot by John Moore.
12:55 of 3rd period - Shot Misses the Net.
12:57 of 3rd period - Slapshot by John Moore.
12:57 of 3rd period - Deflect By Cory Conacher.
12:57 of 3rd period - Goal by Cory Conacher - RedWings : 6 - Stars : 2.
12:58 of 3rd period - Erik Haula wins face-off versus Brandon Prust in neutral zone.
14:08 of 3rd period - Jason Demers is hit by Brian Boyle and loses puck.
14:41 of 3rd period - Wrist shot by Rob Klinkhammer.
14:41 of 3rd period - Deflect By Patrick Eaves.
14:41 of 3rd period - Shot Misses the Net.
14:41 of 3rd period - Puck is out of play.
14:42 of 3rd period - Zenon Konopka wins face-off versus Michael Ryder in RedWings zone.
14:42 of 3rd period - Zenon Konopka is hit by Bruno Gervais.
14:48 of 3rd period - Bruno Gervais is hit by Bryan Bickell and loses puck.
14:53 of 3rd period - Wrist shot by Zac Rinaldo.
14:53 of 3rd period - Deflect By Bryan Bickell.
14:53 of 3rd period - Stopped by Robin Lehner with a rebound.
14:55 of 3rd period - Slapshot by Eric Gryba.
14:55 of 3rd period - Stopped by Robin Lehner with a rebound.
14:57 of 3rd period - Snap shot by Zac Rinaldo.
14:57 of 3rd period - Stopped by Robin Lehner with a rebound.
14:59 of 3rd period - Backhand shot by Zenon Konopka.
14:59 of 3rd period - Stopped by Robin Lehner without a rebound.
15:00 of 3rd period - Milan Michalek wins face-off versus Erik Haula in Stars zone.
15:02 of 3rd period - Minor Penalty to Erik Haula for Charging.
15:03 of 3rd period - Justin Abdelkader wins face-off versus Michael Ryder in Stars zone.
15:09 of 3rd period - Wrist shot by Justin Abdelkader.
15:09 of 3rd period - Shot Misses the Net.
15:21 of 3rd period - Wrist shot by Justin Abdelkader.
15:21 of 3rd period - Stopped by Robin Lehner with a rebound.
15:23 of 3rd period - Slapshot by Alex Goligoski.
15:23 of 3rd period - Shot Blocked by Aaron Johnson.
15:58 of 3rd period - Aaron Johnson is hit by Brandon Prust and loses puck.
16:28 of 3rd period - Jason Demers is hit by Brian Boyle and loses puck.
17:02 of 3rd period - Penalty to Erik Haula is over, Erik Haula is back on ice.
17:35 of 3rd period - Slapshot by Nick Leddy.
17:35 of 3rd period - Deflect By Joe Corvo.
17:35 of 3rd period - Stopped by Robin Lehner with a rebound.
18:01 of 3rd period - Snap shot by Rob Klinkhammer.
18:01 of 3rd period - Shot Misses the Net.
18:03 of 3rd period - Slapshot by Patrick Eaves.
18:03 of 3rd period - Shot Misses the Net.
18:05 of 3rd period - Slapshot by Joe Corvo.
18:05 of 3rd period - Stopped by Jonas Hiller with a rebound.
18:19 of 3rd period - Snap shot by Cory Conacher.
18:19 of 3rd period - Shot Blocked by Zac Rinaldo.
18:21 of 3rd period - Slapshot by Bruno Gervais.
18:21 of 3rd period - Stopped by Jonas Hiller with a rebound.
18:23 of 3rd period - Slapshot by Dmitry Orlov.
18:23 of 3rd period - Deflect By Cory Conacher.
18:23 of 3rd period - Shot Misses the Net.
18:23 of 3rd period - Puck is out of play.
18:24 of 3rd period - Erik Haula wins face-off versus Milan Michalek in RedWings zone.
19:06 of 3rd period - Icing by Patrick Eaves.
19:07 of 3rd period - Brandon Prust wins face-off versus Brad Malone in Stars zone.
19:32 of 3rd period - Jason Demers is hit by Bruno Gervais and loses puck.
19:37 of 3rd period - Wrist shot by John Moore.
19:37 of 3rd period - Shot Blocked by Alexei Emelin.
Goals for this period are 1 for RedWings vs 1 for Stars.
Shots for this period are 14 for RedWings vs 9 for Stars.


Output by the SimonT Hockey Simulator (STHS) for Eric Dolegowski -- Original Page W3C XHTML 1.0 Valid
Hockey Simulator - Hockey Simulation - Hockey Manager